 Dungeon Crawl Stone Soup version 0.28.0 (webtiles) character file.

Game seed: 13630771434608557832

6 psuckher the Cudgeller (level 1, 0/13 HPs)
             Began as a Gnoll Wanderer on Feb 16, 2022.
             Constricted to death by a ball python (1 damage)
             ... on level 1 of the Dungeon.
             The game lasted 00:01:12 (227 turns).

psuckher the Cudgeller (Gnoll Wanderer)              Turns: 227, Time: 00:01:13

Health: 0/13       AC:  6    Str: 13    XL:     1   Next: 90%
Magic:  4/4        EV:  5    Int: 13    God:
Gold:   3          SH:  0    Dex:  7    Spells: 4/5 levels left

rFire   . . .      SeeInvis .   a - +2 mace
rCold   . . .      Faith    .   (no shield)
rNeg    . . .      Spirit   .   b - +0 scale mail
rPois   .          Reflect  .   (no helmet)
rElec   .          Harm     .   (no cloak)
rCorr   .          Rampage  .   (no gloves)
Will    .....                   (no boots)
Stlth   +.........              (no amulet)
HPRegen 0.04/turn               (no ring)
MPRegen 0.09/turn               (no ring)

@: constricted
A: fangs 1, strong nose, distributed training
a: no special abilities


You were on level 1 of the Dungeon.
You visited 1 branch of the dungeon, and saw 1 of its levels.

You collected 3 gold pieces.

Inventory:

Hand Weapons
 a - a +2 mace (weapon)
Armour
 b - a +0 scale mail (worn)
Potions
 c - a potion of haste {unknown}


   Skills:
 + Level 0.2 Fighting
 + Level 0.2 Short Blades
 + Level 0.2 Long Blades
 + Level 0.2 Axes
 + Level 6.4 Maces & Flails
 + Level 0.2 Polearms
 + Level 0.2 Staves
 + Level 0.2 Slings
 + Level 0.2 Bows
 + Level 0.2 Crossbows
 + Level 0.2 Throwing
 + Level 2.4 Armour
 + Level 0.2 Dodging
 + Level 4.0 Stealth
 + Level 0.2 Shields
 + Level 0.2 Unarmed Combat
 + Level 2.6 Spellcasting
 + Level 0.1 Conjurations
 + Level 0.1 Hexes
 + Level 0.1 Summonings
 + Level 0.1 Necromancy
 + Level 0.1 Translocations
 + Level 0.1 Transmutations
 + Level 0.1 Fire Magic
 + Level 5.3 Ice Magic
 + Level 0.1 Air Magic
 + Level 0.1 Earth Magic
 + Level 0.1 Poison Magic
 + Level 0.3 Invocations
 + Level 0.2 Evocations


You had 4 spell levels left.
You knew the following spells:

 Your Spells              Type           Power      Damage    Failure   Level
a - Freeze                Ice            60%        1d8       12%         1

Your spell library contained the following spells:

 Spells                   Type           Power      Damage    Failure   Level
 Frozen Ramparts          Ice            30%        1d5       34%         3


Dungeon Overview and Level Annotations

Branches:
Dungeon (1/15)

Altars:


Innate Abilities, Weirdness & Mutations

You have very sharp teeth.
Your uncanny sense of smell can sniff out nearby items.
Your experience applies equally to all skills.


Message History

You kill the hobgoblin!
The hobgoblin hits you.
The hobgoblin hits you but does no damage.
You hit the hobgoblin.
The hobgoblin is severely wounded.
The hobgoblin hits you but does no damage.
You hit the hobgoblin.
You kill the hobgoblin!
Found a stone staircase leading down.
There is a stone staircase leading down here.
There is a stone staircase leading down here.
Found a scroll labelled REERELLI KIOKE.
An endoplasm comes into view.
A ball python comes into view.
A goblin comes into view. It is wielding a +0 club.
The goblin shouts!
The goblin moves out of view.
You see here a scroll labelled REERELLI KIOKE.
The ball python bites you. The ball python grabs you.
The ball python constricts you.
You escape the ball python's grasp.
You miss the goblin. The goblin hits you with a +0 club.
You hit the goblin.
The goblin is moderately wounded.
The ball python bites you but does no damage.
The ball python barely misses you. The goblin hits you with a +0 club.
The ball python bites you.
* * * LOW HITPOINT WARNING * * *
The ball python grabs you. The ball python constricts you.
* * * LOW HITPOINT WARNING * * *
The goblin hits you but does no damage.
You hit the goblin.
You kill the goblin!
The ball python barely misses you. The ball python constricts you.
The ball python's grasp on you weakens, but your attempt to escape fails.
The ball python barely misses you. The ball python constricts you.
You escape the ball python's grasp.
The ball python bites you but does no damage.
The ball python grabs you. The ball python constricts you.
You die...

#.......###
#######.# #.# #.#
#.# ####### #.#
#.....# #.#
#.###.#######.##
#.@...?........## #
#.S#....###.....#.#
#.....#............
#.#...#####.#......
#....... ...#.##+##
##.......####.#
#..####. #.# #..#
.# #..# ∆ #...#


You could see a ball python.

Vanquished Creatures
  A ball python (D:1)
  A goblin (D:1)
  2 hobgoblins (D:1)
  A kobold (D:1)
5 creatures vanquished.

Notes
Turn   | Place    | Note
-------+----------+-------------------------------------------
     0 | D:1      | psuckher the Gnoll Wanderer began the quest for the Orb.
     0 | D:1      | psuckher set off with the following items: a +2 mace, a +0
                  | scale mail; and the following spell memorised: Freeze; and
                  | the following spells available to memorise: Frozen Ramparts
     0 | D:1      | Reached XP level 1. HP: 13/13 MP: 4/4
   227 | D:1      | Constricted to death by a ball python

Illustrated notes

Levels and vault maps discovered:
D:1:      saegor_arrival_simple_c, layout_loops_corners,
          shapermc_ecumenical_altar_gd, st_stairs_3, columned_hall_lemuel,
          chequers_serial_rivers_small_3, minmay_misc_feat_room

Action                   || total
-------------------------++-------
Melee: Mace              ||    12
       Bite              ||     1
Armor: Scale mail        ||     8
Dodge: Dodged            ||     7
